 Dungeon Crawl Stone Soup version 0.31.0-10-gcf4a605ca0 (webtiles) character file.

Game seed: 14939220167082677716

360225 dialectric the Slayer (level 21, -5/148 (151) HPs)
             Began as a Gargoyle Fighter on Jan 25, 2024.
             Was the Champion of Jiyva.
             Killed from afar by a lich (54 damage)
             ... with a bolt of cold
             ... on level 5 of the Vaults on Jan 26, 2024.
             The game lasted 01:21:02 (35457 turns).

dialectric the Slayer (Gargoyle Fighter)           Turns: 35457, Time: 01:21:02

HP:   -5/148 (151)  AC: 47    Str: 33    XL:     21   Next: 57%
MP:   23/23         EV: 14    Int:  7    God:    Jiyva [******]
Gold: 2012          SH: 20    Dex: 15    Spells: 20/20 levels left

rFire   + + .        w - +5 demon whip (venom)
rCold   . . .        o - +0 kite shield {reflect}
rNeg    + + .        H - +10 chain mail "Egag" {Rampage +Inv Str-3}
rPois   ∞            i - +2 hat {Will+}
rElec   +            B - +2 cloak
rCorr   +            F - +2 pair of gloves
SInv    +            r - +1 pair of boots "Wahi Cin" {rF++}
Will    +....        f - amulet "Fioph" {Reflect rPois Will- Str+8 Dex-5 SH+5} Stlth
                     z - +4 ring of slaying
HPRegen 2.04/turn    j - ring "Karr" {*Slow rElec rN+ AC+4 SInv}
MPRegen 0.98/turn

%: slow self (1%), reflection, rampage
@: marked, corroded, on berserk cooldown, flying, slowed, lightly drained, very
slow
A: sickness immunity, AC +16, big wings, negative energy resistance 1,
electricity resistance, torment resistance 1, petrification resistance, claws 1,
horns 2, agile 2, high MP 1, strong 1, eyeballs 2, gelatinous body 1, tendrils,
jelly sensing items
}: 3/15 runes: slimy, abyssal, gossamer
a: Renounce Religion, Evoke Invisibility, Oozemancy, Slimify


You were on level 5 of the Vaults.
You worshipped Jiyva.
Jiyva was exalted by your worship.
You visited 7 branches of the dungeon, and saw 39 of its levels.
You visited the Abyss 1 time.
You also visited: Ice Cave.

You collected 3070 gold pieces.
You spent 1058 gold pieces at shops.

Inventory:

Hand Weapons
 d - the +8 whip "Snakebite" {venom, curare, rPois}
   (You acquired it on level 3 of the Spider Nest)

   rPois:     It protects you from poison
 l - the +4 consecrated labrys {holy, Valiant ^Fragile Fly SInv}
   (You found it on level 5 of the Pits of Slime)

   Valiant:   It becomes more powerful as more dangerous foes come into view.
   SInv:      It lets you see invisible.
   Fly:       It grants you flight.
   ^Fragile:  It will be destroyed if unequipped.
 w - a +5 demon whip of venom (weapon)
Missiles
 h - 7 curare-tipped darts
Armour
 i - a +2 hat of willpower (worn)
 o - a +0 kite shield of reflection (worn)
 r - the +1 pair of boots "Wahi Cin" (worn) {rF++}
   (You bought it in a shop on level 5 of the Dungeon)

   rF++:      It greatly protects you from fire.
 B - a +2 cloak (worn)
 F - a +2 pair of gloves (worn)
 H - the +10 chain mail "Egag" (worn) {Rampage +Inv Str-3}
   (You found it on level 5 of the Pits of Slime)

   Str-3:     It affects your strength (-3).
   +Inv:      It lets you turn invisible.
   Rampage:   It bestows one free step when moving towards enemies.
Jewellery
 c - a +5 ring of evasion
 f - the amulet "Fioph" (around neck) {Reflect rPois Will- Str+8 Dex-5 SH+5}
   (You acquired it on level 6 of the Dungeon)

   [amulet of reflection]

   Reflect:   It reflects blocked missile attacks.
   Str+8:     It affects your strength (+8).
   Dex-5:     It affects your dexterity (-5).
   rPois:     It protects you from poison Will-: It decreases your willpower.
   SH+5:      It affects your SH (+5).
 j - the ring "Karr" (right hand) {*Slow rElec rN+ AC+4 SInv}
   (You found it on level 5 of the Pits of Slime)

   [ring of protection]

   AC+4:      It affects your AC (+4).
   rElec:     It insulates you from electricity.
   rN+:       It protects you from negative energy.
   SInv:      It lets you see invisible.
   *Slow:     It may slow you when you take damage.
 n - a ring of magical power
 s - the brooch of Shielding {Spirit SH+8}
   (You found it on level 10 of the Dungeon)

   [amulet of guardian spirit]

   Spirit:    It causes incoming damage to be divided between your reserves of
   health and magic.
   SH+8:      It affects your SH (+8).
 z - a +4 ring of slaying (left hand)
 C - the ring of the Princess {+Blink rN+++ Will+ Dex-5}
   (You took it off an ogre mage on level 1 of the Vaults)

   [ring of willpower]

   Dex-5:     It affects your dexterity (-5).
   rN+++:     It renders you almost immune to negative energy.
   Will+:     It increases your willpower.
   +Blink:    It lets you blink.
 G - a +6 ring of intelligence
 O - a +5 ring of evasion
 R - a ring of protection from fire
 T - the amulet "Kenaureg" {Acrobat rElec}
   (You found it on level 5 of the Pits of Slime)

   [amulet of the acrobat]

   Acrobat:   It increases your evasion while moving and waiting.
   rElec:     It insulates you from electricity.
Talismans
 L - a maw talisman
Wands
 a - a wand of digging (17)
 D - a wand of roots (7)
 M - a wand of acid (14)
 Q - a wand of flame (33)
 S - a wand of mindburst (13)
Scrolls
 e - a scroll of fear
 g - 4 scrolls of fog
 k - 2 scrolls of immolation
 p - 6 scrolls of blinking
 q - 2 scrolls of poison
 x - 6 scrolls of revelation
 y - 2 scrolls of teleportation
 E - 3 scrolls of summoning
 P - 3 scrolls of enchant armour
 Y - a scroll of vulnerability
Potions
 b - 3 potions of mutation
 m - 7 potions of attraction
 t - 3 potions of curing
 u - 5 potions of brilliance
 v - 4 potions of heal wounds
 A - 5 potions of lignification
 I - 3 potions of cancellation
 N - 14 potions of ambrosia
 V - 3 potions of might
 X - a potion of berserk rage
 Z - 2 potions of magic
Miscellaneous
 J - a box of beasts
 K - a phial of floods


   Skills:
 * Level 22.2 Fighting
 - Level 9.5(12.6) Axes
 + Level 14.3(15.6) Maces & Flails
 * Level 20.9 Armour
 - Level 8.1 Dodging
 - Level 2.2 Stealth
 - Level 20.1 Shields
 - Level 2.0 Evocations


You had 20 spell levels left.
You didn't know any spells.
Your spell library contained the following spells:

 Spells                   Type           Power      Damage    Failure   Level
 Freeze                   Ice            0%         1d3       75%         1
 Kiss of Death            Conj/Necr      0%         2d5       75%         1
 Necrotise                Necr           0%         1d4       75%         1
 Shock                    Conj/Air       0%         1d3       75%         1
 Summon Small Mammal      Summ           0%         N/A       75%         1
 Mercury Vapours          Alch/Air       0%         N/A       86%         2
 Call Canine Familiar     Summ           0%         N/A       98%         3
 Confusing Touch          Hex            0%         N/A       98%         3
 Frozen Ramparts          Ice            0%         1d1       98%         3
 Hailstorm                Conj/Ice       0%         3d5       98%         3
 Inner Flame              Hex/Fire       0%         N/A       98%         3
 Mephitic Cloud           Conj/Alch/Air  0%         N/A       98%         3
 Swiftness                Air            0%         N/A       98%         3
 Vampiric Draining        Necr           0%         2d6       98%         3
 Volatile Blastmotes      Fire/Tloc      0%         2d10      98%         3
 Airstrike                Air            0%         2d(0-16)  100%        4
 Dispel Undead            Necr           0%         3d6       100%        4
 Flame Wave               Conj/Fire      0%         2d4       100%        4
 Fulminant Prism          Conj/Alch      0%         3d5       100%        4
 Iskenderun's Mystic Bla  Conj/Tloc      0%         2d3       100%        4
 Leda's Liquefaction      Alch/Erth      0%         N/A       100%        4
 Martyr's Knell           Necr/Summ      0%         N/A       100%        4
 Passage of Golubria      Tloc           0%         N/A       100%        4
 Sticky Flame             Fire/Alch      0%         2d4       100%        4
 Summon Blazeheart Golem  Fire/Summ      0%         N/A       100%        4
 Alistair's Intoxication  Alch           0%         N/A       100%        5
 Borgnjor's Vile Clutch   Necr/Erth      0%         N/A       100%        5
 Curse of Agony           Necr           0%         N/A       100%        5
 Freezing Cloud           Conj/Ice/Air   0%         6-21      100%        5
 Lee's Rapid Deconstruct  Erth           0%         3d4*      100%        5
 Silence                  Hex/Air        0%         N/A       100%        5
 Bombard                  Conj/Erth      0%         9d1       100%        6
 Eringya's Noxious Bog    Alch           0%         4d6       100%        6
 Orb of Destruction       Conj           0%         9d5       100%        7
 Spellforged Servitor     Conj/Summ      0%         N/A       100%        7
 Lehudib's Crystal Spear  Conj/Erth      0%         10d2      100%        8


Dungeon Overview and Level Annotations

Branches:
Dungeon (15/15)            Temple (0/1) D:6            Lair (5/5) D:10
  Swamp (0/4) Lair:2       Spider (4/4) Lair:2        Slime (5/5) Lair:4
    Orc (2/2) D:12            Elf (3/3) Orc:2        Vaults (5/5) D:13
  Crypt (0/3) Vaults:3     Depths (0/4) D:15          IceCv (visited)

Altars:
Dithmenos
Elyvilon
Hepliaklqana
Qazlal
Ru
Trog
Vehumet
Wu Jian
Xom
Yredelemnul
Jiyva

Shops:
D:5 =[*?   D:11 *!   D:12 ([   Orc:1 *   Orc:2 *:*(   Elf:3 ?

Portals:
Pandemonium: Orc:2
Trove: Elf:2 (give +8 demon trident)

Annotations:
D:3 2 transporters, jestert79's ghost, amateur DsWn
D:6 1 runed translucent door
D:9 1 runed translucent door, soul19's ghost, novice GnIE
Spider:1 1 runed translucent door, Bolleh's ghost, journeyman GnSk
Spider:2 3 runed translucent doors, Ikly's ghost, journeyman GrFi; Roxanne
Slime:5 Royal Jelly
Elf:2 3 runed translucent doors, Nikola
Elf:3 Boris


Innate Abilities, Weirdness & Mutations

You are immune to sickness and miasma.
Your stone body is resilient. (AC +16)
You are immune to poison.
Your large and strong wings let you fly.
You resist negative energy. (rN+)
You are resistant to electric shocks. (rElec)
You are resistant to unholy torment.
You are immune to petrification.
You have sharp fingernails.
You have a pair of horns on your head.
You are very agile. (Dex +8, Str/Int -2)
You have an increased reservoir of magic. (+10% MP)
Your muscles are strong. (Str +4, Int/Dex -1)
Your body has grown many eyes which may confuse attackers. (Acc +5)
Your rubbery body absorbs attacks. (AC +1, EV +1)
You are covered in slimy tendrils that may disarm your opponents.
You have a small jelly attached to you that senses nearby items.


Message History

You hit the entropy weaver.
The entropy weaver looks as sick as possible!
The entropy weaver is almost dead.
The entropy weaver casts a spell at you.
The entropic weave corrodes you!
Unknown command.
You whack the entropy weaver!
You kill the entropy weaver!
You block the hell knight's attack.
Your life force feels restored.
Unknown command.
You barely miss the lich. Your headbutt misses the lich.
The storm dragon breathes lightning at you.
The bolt of lightning misses you.
You block the phantasmal warrior's attack.
The tengu reaver gestures at you while chanting.
The bolt of negative energy hits the phantasmal warrior.
The phantasmal warrior completely resists.
The bolt of negative energy hits you! You partially resist.
You feel drained.
A deep elf sorcerer comes into view. It is wielding a +0 long sword.
The golden dragon bites you but does no damage.
You block the golden dragon's attack. x2
The deep elf high priest utters an invocation to its god.
The deep elf high priest begins emitting a brilliant aura!
The ironbound preserver is empowered by the deep elf high priest's aura!
You hit the lich but do no damage. You headbutt the lich.
The lich is lightly damaged.
You thrash the lich!!
The lich is moderately damaged.
You are no longer berserk.
You are exhausted.
You feel yourself slow down.
The lich touches you but does no damage.
The storm dragon breathes lightning at you.
The bolt of lightning misses you.
You thrash the lich!!
The lich is severely damaged.
The lich points at you and mumbles some strange words.
The bolt of cold hits you!!!
You die...

#..#)#.#
#..$†..#
#...)#######
#.........e.
#...p....L^.
#....TTD....
#..pQ9......
#..WD#######
#..@DCCoT...
#..#Lc.De...
#..#pe###.?#
#..#..# ..
#..#..# .. ..
#..#.... #.#.
#..#..... #...
. #..
..#..###...∆ ∆
.
........#####.


You could see a shadow dragon, an ironbound preserver (empowered), a titan
(empowered), 2 golden dragons, a storm dragon (extremely poisoned, catching
breath), a fire giant (empowered), a ghostly vault warden (empowered), a tengu
reaver (empowered, repels missiles), 2 liches, a yaktaur captain, a hell knight,
a deep elf sorcerer, 3 deep trolls, a war gargoyle, 2 deep elf high priests, a
phantasmal warrior (confused) and an orc.

Vanquished Creatures
  An ancient lich (Vaults:5)
  Zenata (Elf:2)
  Rupert (Orc:2)
  A tentacled monstrosity (Vaults:5)
  Mlioglotl (Spider:4)
  A lich (Vaults:5)
  A quicksilver dragon (Vaults:5)
  A tentacled starspawn (Abyss:3)
  A titan (Vaults:5)
  3 sphinxes
  An ancient champion (Vaults:3)
  Gastronok (Lair:3)
  Donald (Elf:2)
  A storm dragon (Abyss:3)
  A tengu reaver (Vaults:5)
  2 draconian monks (Abyss:3)
  A shadow dragon (Abyss:3)
  2 frost giants
  8 emperor scorpions
  4 ghost moths (Spider:4)
  2 deep elf sorcerers
  12 vault wardens
  2 orc warlords (Vaults:4)
  17 ironbound preservers
  A very ugly thing (Abyss:3)
  6 ironbound thunderhulks
  4 stone giants
  2 broodmothers
  2 deep elf death magi
  A deep elf demonologist (Vaults:5)
  Azrael (Spider:3)
  2 spark wasps (Spider:1)
  8 dire elephants
  5 ettins
  A blizzard demon (Abyss:3)
  An eidolon (Vaults:3)
  9 yaktaur captains
  A crystal guardian (Vaults:4)
  6 entropy weavers
  3 deep elf high priests
  Erolcha (Orc:1)
  5 hydras
  A peacekeeper (Vaults:4)
  33 vault guards
  4 catoblepae
  A merfolk avatar (Lair:5)
  5 radroaches
  3 ogre magi
  2 jorogumos
  11 boulder beetles
  11 ironbound frosthearts
  17 centaur warriors
  3 demonspawn (Orc:2)
  2 tengu warriors (D:14)
  8 two-headed ogres
  A thrashing horror (Abyss:2)
  A vampire mage (Vaults:3)
  11 demonic crawlers
  9 dancing weapons
  5 orc high priests
  2 deep troll earth magi (Vaults:5)
  Sonja (Lair:1)
  2 skysharks (Lair:5)
  4 deep elf knights
  11 pharaoh ants
  A storm dragon skeleton (D:15)
  Amaemon (D:8)
  8 skeletal warriors
  45 deep trolls
  2 spriggan druids (Lair:2)
  11 orb spiders
  10 deep elf archers
  A flayed ghost (D:15)
  A swamp dragon (Lair:3)
  14 orc knights
  11 ironbound convokers
  11 wolf spiders
  3 sun moths (Spider:4)
  2 large abominations
  7 arcanists
  2 necromancers
  12 lindwurms
  A phantasmal warrior (Vaults:5)
  8 steelbarb worms
  15 deep elf pyromancers
  15 deep elf zephyrmancers
  6 manticores
  27 ugly things
  3 harpies (Vaults:2)
  4 oklob plants (Lair:4)
  4 cyclopes
  The ghost of TheBioAlchemist the Insei, a novice OpSh of Ashenzari (D:6)
  3 moths of wrath
  11 orc sorcerers
  A draconian (Abyss:3)
  5 meliai
  14 elephants
  A guardian serpent (Abyss:2)
  2 ice statues (IceCv)
  An apocalypse crab (Abyss:3)
  11 vault sentinels
  4 torpor snails
  2 black mambas (Lair:5)
  An orange demon (D:8)
  A gargoyle (D:12)
  13 cane toads
  6 kobold demonologists
  2 ice devils (Orc:2)
  6 komodo dragons
  An unseen horror (D:13)
  8 rime drakes
  17 yaktaurs
  A tormentor (Abyss:3)
  An efreet (Abyss:2)
  4 freezing wraiths
  An ancient zyme (Abyss:2)
  5 trolls
  A queen bee (Lair:1)
  Grinder (D:6)
  Prince Ribbit (D:7)
  A polar bear (Lair:5)
  A snapping turtle (Lair:5)
  2 raiju (shapeshifter)
  26 tarantellas
  16 blink frogs
  6 hornets
  4 dream sheep (Lair:5)
  A wind drake (Lair:5)
  A spriggan zombie (D:15)
  A small abomination (Abyss:3)
  2 water elementals
  2 slime creatures
  A jumping spider (shapeshifter) (Elf:1)
  2 air elementals
  22 jumping spiders
  A vampire (D:9)
  3 wyverns
  3 shadows
  7 fire elementals
  68 yaks
  A fire bat (D:8)
  29 culicivoras
  Eustachio (D:5)
  2 wraiths
  5 wargs
  3 basilisks
  4 hogs (Elf:1)
  A steam dragon (Lair:1)
  58 redbacks
  A neqoxec (Abyss:3)
  8 vampire mosquitoes
  22 water moccasins
  4 acid dragons
  2 hell hounds (Spider:3)
  4 swamp drakes (Lair:3)
  A sky beast (D:7)
  4 ice beasts
  34 orc warriors
  2 black bears (D:6)
  11 ogres
  4 centaurs
  A boggart (Vaults:4)
  11 wolves
  11 kobold brigands
  A phantom (D:3)
  2 weeping skulls
  16 bullfrogs
  A cane toad simulacrum (IceCv)
  3 gnoll sergeants
  2 earth elementals
  5 scorpions
  5 wights
  Dowan (D:6)
  28 killer bees
  5 howler monkeys
  3 jellies
  A quasit (Abyss:2)
  19 orc priests
  3 hounds
  A gnoll bouda (D:9)
  Ijyb (D:5)
  3 iguanas
  14 orc wizards
  2 wolf simulacra (IceCv)
  10 adders
  8 gnolls
  A shadow imp (D:6)
  4 white imps
  2 ufetubi (D:6)
  2 ribbon worms (D:2)
  75 orcs
  8 endoplasms
  6 giant cockroaches
  6 goblins
  7 hobgoblins
  4 jackals (D:1)
  3 quokkas
  9 ball pythons
  4 bats
  3 frilled lizards (D:1)
  25 kobolds
  6 rats
  A spectral orc (D:6)
1319 creatures vanquished.

Vanquished Creatures (collateral kills)
  An ancient lich (Abyss:3)
  An ironbound preserver (Vaults:1)
  An orb spider (Spider:2)
  A jumping spider (Spider:1)
  A yak (D:8)
  A black bear (D:7)
  An orc priest (D:6)
  2 gnolls (D:5)
  An orc (D:8)
10 creatures vanquished.

Vanquished Creatures (others)
  2 acid blobs
  2 vault wardens
  A formless jellyfish (Vaults:2)
  A deep elf annihilator (Elf:1)
  4 great orbs of eyes
  A centaur warrior (D:9)
  An anaconda (shapeshifter) (Vaults:5)
  An ironbound frostheart (Vaults:1)
  A deep elf knight (Elf:2)
  A mana viper (shapeshifter) (Vaults:1)
  A deep troll (Vaults:1)
  A sea snake (shapeshifter) (Vaults:5)
  An orb spider (Spider:2)
  A steelbarb worm (Spider:2)
  6 lindwurms
  3 deep elf pyromancers
  A deep elf zephyrmancer (Elf:2)
  2 ironbound convokers
  A draconian (Abyss:3)
  A moth of wrath (shapeshifter) (Vaults:5)
  A black mamba (Lair:5)
  A water nymph (shapeshifter) (Vaults:5)
  6 vault sentinels
  A cane toad (Lair:5)
  Maggie (D:6)
  3 yaktaurs (Vaults:4)
  A komodo dragon (Lair:5)
  A dream sheep (Lair:5)
  24 slime creatures
  A jumping spider (Spider:2)
  A fire elemental (Elf:2)
  A yak (D:8)
  A spatial vortex (Abyss:3)
  Duvessa (D:6)
  An orc warrior (Vaults:5)
  107 jellies
  2 orc wizards
  A gnoll (D:5)
  4 orcs
  A foxfire (Abyss:3)
  A lurking horror (Abyss:3)
  2 starspawn tentacles (Abyss:3)
196 creatures vanquished.

Grand Total: 1525 creatures vanquished

Notes
Turn   | Place    | Note
-------+----------+-------------------------------------------
     0 | D:1      | dialectric the Gargoyle Fighter began the quest for the
                  | Orb.
     0 | D:1      | Reached XP level 1. HP: 14/14 MP: 1/1
    68 | D:1      | Reached XP level 2. HP: 16/19 MP: 2/2
   181 | D:1      | Reached XP level 3. HP: 23/23 MP: 3/3
  1235 | D:3      | Found a shadowy altar of Dithmenos.
  1265 | D:3      | Reached XP level 4. HP: 17/29 MP: 4/4
  1486 | D:3      | Found a transporter.
  1489 | D:3      | Noticed jestert79's ghost (amateur DsWn)
  1490 | D:3      | Found a transporter.
  1717 | D:3      | Reached skill level 1 in Dodging
  2075 | D:4      | Reached XP level 5. HP: 31/33 MP: 5/5
  2109 | D:4      | Noticed a phantom
  2270 | D:3      | Killed a phantom
  2271 | D:3      | Reached skill level 4 in Fighting
  2296 | D:3      | Reached XP level 6. HP: 20/38 MP: 6/6
  2709 | D:4      | Found an ornate altar of the Wu Jian Council.
  3241 | D:4      | Found a stormy altar of Qazlal.
  3278 | D:4      | Found a white marble altar of Elyvilon.
  3303 | D:5      | Entered Level 5 of the Dungeon
  3303 | D:5      | Noticed Ijyb
  3369 | D:5      | Killed Ijyb
  3401 | D:5      | Found Deryipei's Antique Armour Shop.
  3468 | D:5      | Found Wuumn's General Store.
  3679 | D:5      | Found Joil Qink's Jewellery Shoppe.
  3854 | D:3      | Reached skill level 5 in Armour
  3918 | D:3      | Reached XP level 7. HP: 4/44 MP: 7/7
  4253 | D:6      | Found a runed translucent door.
  4254 | D:6      | Noticed TheBioAlchemist's ghost (novice OpSh)
  4286 | D:6      | Found a runed translucent door.
  4339 | D:6      | Killed TheBioAlchemist's ghost
  4340 | D:6      | Reached skill level 5 in Fighting
  4340 | D:6      | Reached skill level 5 in Maces & Flails
  4340 | D:6      | Reached XP level 8. HP: 17/49 MP: 8/8
  4835 | D:6      | Noticed Maggie
  4879 | D:6      | Your ally Maggie died
  5015 | D:6      | Found a bloodstained altar of Trog.
  5280 | D:6      | Found a sacrificial altar of Ru.
  5459 | D:6      | Noticed Grinder
  5462 | D:6      | Paralysed by Grinder for 5 turns
  5478 | D:6      | Paralysed by Grinder for 5 turns
  5487 | D:6      | Paralysed by Grinder for 5 turns
  5496 | D:6      | Paralysed by Grinder for 3 turns
  5501 | D:6      | Paralysed by Grinder for 4 turns
  5508 | D:6      | Killed Grinder
  5509 | D:6      | Reached XP level 9. HP: 16/55 MP: 9/9
  5767 | D:5      | Noticed Eustachio
  5809 | D:5      | Killed Eustachio
  5810 | D:5      | Reached skill level 6 in Fighting
  6061 | D:5      | Found Plog's Magic Scroll Boutique.
  6068 | D:5      | Bought a scroll of teleportation for 36 gold pieces
  6732 | D:7      | Noticed Prince Ribbit
  6756 | D:7      | Reached skill level 5 in Dodging
  6792 | D:7      | Killed Prince Ribbit
  7008 | D:6      | Found a staircase to the Ecumenical Temple.
  7008 | D:6      | Noticed Duvessa
  7009 | D:6      | Noticed Dowan
  7023 | D:6      | Your ally Duvessa died
  7040 | D:6      | Killed Dowan
  7283 | D:5      | Bought a pair of distressingly furry boots for 209 gold
                  | pieces
  7283 | D:5      | Identified the +1 pair of boots "Wahi Cin" {rF++} (You
                  | bought it in a shop on level 5 of the Dungeon)
  7401 | D:6      | Identified a scroll of acquirement
  7401 | D:6      | Acquired the amulet "Fioph" {Reflect rPois Will- Str+8
                  | Dex-5 SH+5}
  7444 | D:6      | Found a basalt altar of Yredelemnul.
  7672 | D:7      | Reached skill level 5 in Axes
  7985 | D:7      | Reached XP level 10. HP: 39/61 MP: 10/10
  8196 | D:8      | Noticed a manticore
  8275 | D:8      | Killed a manticore
  8276 | D:8      | Reached skill level 7 in Fighting
  8511 | D:8      | Noticed an orange demon
  8512 | D:8      | Noticed Amaemon
  8835 | D:8      | Found a shimmering altar of Xom.
  9133 | D:8      | Killed an orange demon
  9412 | D:8      | Killed Amaemon
  9413 | D:8      | Reached skill level 1 in Evocations
  9723 | D:10     | Entered Level 10 of the Dungeon
  9737 | D:10     | Found a hazy altar of Hepliaklqana.
  9768 | D:10     | Noticed a kobold demonologist
  9828 | D:10     | Killed a kobold demonologist
  9829 | D:10     | Reached XP level 11. HP: 59/68 MP: 11/11
  9848 | D:10     | Reached skill level 8 in Fighting
  9981 | D:10     | Noticed a two-headed ogre
  9995 | D:10     | Killed a two-headed ogre
 10207 | D:10     | Found a staircase to the Lair.
 10221 | D:10     | Identified the +8 war axe of Qelyto Ucuth {venom, ^Drain
                  | Fly Int+3}
 10346 | D:10     | Found a radiant altar of Vehumet.
 10360 | D:10     | Found the brooch of Shielding {Spirit SH+8}
 10736 | D:11     | Noticed a boulder beetle
 10736 | D:11     | Found Pumuse's Assorted Antiques.
 10754 | D:10     | Killed a boulder beetle
 11113 | D:5      | Bought a scroll of enchant armour for 90 gold pieces
 11278 | D:11     | Noticed a two-headed ogre
 11341 | Lair:1   | Entered Level 1 of the Lair of Beasts
 11702 | D:9      | Reached skill level 5 in Shields
 11893 | D:9      | Found a runed translucent door.
 11893 | D:9      | Noticed soul19's ghost (novice GnIE)
 11945 | D:9      | Reached skill level 10 in Armour
 12324 | D:9      | Noticed a centaur warrior
 12333 | D:9      | Killed a centaur warrior
 12334 | D:9      | Reached XP level 12. HP: 56/75 MP: 12/12
 12412 | D:9      | Reached skill level 9 in Fighting
 12466 | D:9      | Noticed a boulder beetle
 12466 | D:9      | Noticed a centaur warrior
 12470 | D:9      | Noticed a centaur warrior
 12741 | D:9      | Killed a centaur warrior
 12754 | D:9      | Killed a boulder beetle
 12887 | D:9      | Noticed a boulder beetle
 12905 | D:9      | Killed a boulder beetle
 13031 | D:9      | Identified the +5 hand axe of Disharmony {freeze, Str+8
                  | Int-5}
 13460 | Lair:1   | Reached skill level 10 in Fighting
 13543 | Lair:1   | Noticed a catoblepas
 13554 | Lair:1   | Killed a catoblepas
 13561 | Lair:1   | Noticed Sonja
 13607 | Lair:1   | Noticed a catoblepas
 13620 | Lair:1   | Killed Sonja
 13631 | Lair:1   | Killed a catoblepas
 13632 | Lair:1   | Reached skill level 10 in Maces & Flails
 13928 | Lair:1   | Reached XP level 13. HP: 64/82 MP: 13/13
 14227 | Lair:1   | Reached skill level 1 in Stealth
 14754 | Lair:2   | Found a white marble altar of Elyvilon.
 14772 | Lair:2   | Found a hole to the Spider Nest.
 15654 | Lair:2   | Found a staircase to the Swamp.
 16200 | Lair:3   | Reached skill level 11 in Fighting
 16356 | Lair:3   | Noticed Gastronok
 16372 | Lair:3   | Killed Gastronok
 17152 | Lair:4   | Found a staircase to the Slime Pits.
 17152 | Lair:4   | Found a viscous altar of Jiyva.
 17317 | Lair:4   | Gained mutation: Your large and strong wings let you fly.
                  | [Gargoyle growth]
 17317 | Lair:4   | Reached XP level 14. HP: 41/90 MP: 14/14
 17721 | Lair:4   | Became a worshipper of Jiyva Jyuczaz the Shapeless
 17769 | Lair:4   | You are sucked into a shaft and drop 1 floor!
 17769 | Lair:5   | Entered Level 5 of the Lair of Beasts
 18077 | Lair:5   | Reached skill level 12 in Fighting
 18259 | Lair:5   | Reached * piety under Jiyva
 18540 | Lair:5   | Reached skill level 15 in Armour
 18887 | Lair:5   | Reached skill level 13 in Fighting
 19203 | Lair:5   | Reached ** piety under Jiyva
 19577 | D:5      | Bought a scroll of acquirement for 624 gold pieces
 19578 | D:5      | Acquired the +1 kite shield of Nemelex Xobeh {rCorr}
 19968 | D:11     | Found Uneippukh's Distillery.
 19983 | D:11     | Reached XP level 15. HP: 81/99 MP: 15/15
 20374 | D:12     | Reached *** piety under Jiyva
 20640 | D:12     | Found Adasefu's Weapon Shoppe.
 20641 | D:12     | Found a staircase to the Orcish Mines.
 20642 | D:12     | Found Veog Kos's Armour Shoppe.
 20654 | D:12     | Reached skill level 14 in Fighting
 20753 | D:12     | Gained mutation: You have supernaturally acute eyesight.
                  | (SInv) [Jiyva's grace]
 20753 | D:12     | Gained mutation: You are robust. (+10% HP) [Jiyva's grace]
 20753 | D:12     | Gained mutation: You are very robust. (+20% HP) [Jiyva's
                  | grace]
 20753 | D:12     | Gained mutation: You are extremely robust. (+30% HP)
                  | [Jiyva's grace]
 21124 | D:13     | Reached **** piety under Jiyva
 21177 | D:13     | Found a gate to the Vaults.
 21688 | D:14     | Reached ***** piety under Jiyva
 22146 | D:15     | Entered Level 15 of the Dungeon
 22356 | D:15     | Gained mutation: Your body has grown eyes which may confuse
                  | attackers. (Acc +3) [Jiyva's grace]
 22356 | D:15     | Gained mutation: Your body has grown many eyes which may
                  | confuse attackers. (Acc +5) [Jiyva's grace]
 22356 | D:15     | Gained mutation: Your body is covered in eyes which may
                  | confuse attackers. (Acc +7, SInv) [Jiyva's grace]
 22356 | D:15     | Gained mutation: Your translucent skin slightly reduces
                  | your foes' accuracy. (Stealth+) [Jiyva's grace]
 22666 | D:15     | Found a staircase to the Depths.
 22713 | D:15     | Reached skill level 10 in Shields
 23072 | Orc:1    | Entered Level 1 of the Orcish Mines
 23073 | Orc:1    | Noticed Erolcha
 23082 | Orc:1    | Killed Erolcha
 23218 | Orc:2    | Entered Level 2 of the Orcish Mines
 23327 | Orc:2    | Found a frozen archway.
 23367 | IceCv    | Entered an ice cave
 23370 | IceCv    | Found a transporter.
 23414 | IceCv    | Found a transporter.
 23586 | Orc:2    | Found a radiant altar of Vehumet.
 23743 | Orc:2    | Found a staircase to the Elven Halls.
 23808 | Orc:2    | Found Jegexonn's General Store.
 23809 | Orc:2    | Found Xeukanou's General Store.
 23847 | Orc:2    | Reached skill level 15 in Fighting
 23949 | Orc:2    | Bought a scroll of teleportation for 39 gold pieces
 23969 | Orc:2    | Reached ****** piety under Jiyva
 23992 | Orc:2    | Reached XP level 16. HP: 133/140 MP: 16/16
 24020 | Orc:2    | Noticed Rupert
 24072 | Orc:2    | Killed Rupert
 24211 | Orc:2    | Paralysed by an orc sorcerer for 5 turns
 24232 | Orc:2    | Paralysed by an orc sorcerer for 3 turns
 24240 | Orc:2    | Found Nuegaisy's Book Shoppe.
 24240 | Orc:2    | Found Qeniawko's Antique Weapon Emporium.
 24240 | Orc:2    | Paralysed by an orc sorcerer for 2 turns
 24252 | Orc:2    | Found a one-way gate leading to the halls of Pandemonium.
 24410 | Orc:1    | Lost mutation: You are extremely robust. (+30% HP) [Jiyva's
                  | grace]
 24410 | Orc:1    | Gained mutation: You have a small jelly attached to you
                  | that may absorb projectiles. [Jiyva's grace]
 24410 | Orc:1    | Gained mutation: You are covered in slimy tendrils that may
                  | disarm your opponents. [Jiyva's grace]
 24410 | Orc:1    | Gained mutation: Your rubbery body absorbs attacks. (AC +1,
                  | EV +1) [Jiyva's grace]
 24410 | Orc:1    | Gained mutation: Your pliable body absorbs attacks. (AC +2,
                  | EV +2) [Jiyva's grace]
 24413 | Orc:1    | Paralysed by an orc sorcerer for 5 turns
 24487 | Orc:1    | You are sucked into a shaft and drop 1 floor!
 24679 | Orc:1    | Found Inu Zuovi's General Store.
 24792 | Elf:1    | Entered Level 1 of the Elven Halls
 24799 | Elf:1    | Reached skill level 16 in Fighting
 24875 | Elf:1    | Paralysed by an air elemental for 1 turns
 24881 | Elf:1    | Paralysed by an air elemental for 1 turns
 24888 | Elf:1    | Paralysed by an air elemental for 1 turns
 25182 | Elf:1    | Noticed Kirke
 25896 | Elf:2    | Reached skill level 17 in Fighting
 25926 | Elf:2    | Noticed Donald
 25949 | Elf:2    | Killed Donald
 25962 | Elf:2    | Found a portal to a secret trove of treasure.
 26091 | Elf:2    | Gained mutation: You have a small jelly attached to you
                  | that senses nearby items. [Jiyva's grace]
 26091 | Elf:2    | Gained mutation: Your gelatinous body deflects attacks. (AC
                  | +3, EV +3) [Jiyva's grace]
 26091 | Elf:2    | Gained mutation: Your muscles are strong. (Str +4, Int/Dex
                  | -1) [Jiyva's grace]
 26091 | Elf:2    | Gained mutation: Your muscles are very strong. (Str +8,
                  | Int/Dex -2) [Jiyva's grace]
 26091 | Elf:2    | Noticed Zenata
 26110 | Elf:2    | Noticed Nikola
 26133 | Elf:2    | a deep elf knight changed into an acid blob
 26133 | Elf:2    | Noticed an acid blob
 26199 | Elf:2    | Killed Zenata
 26200 | Elf:2    | Reached XP level 17. HP: 46/140 MP: 17/17
 26417 | Elf:2    | Found a runed translucent gate.
 26417 | Elf:2    | Found a runed translucent gate.
 26417 | Elf:2    | Found a runed translucent gate.
 26481 | Elf:3    | Entered Level 3 of the Elven Halls
 26676 | Elf:3    | Paralysed by an air elemental for 1 turns
 26751 | Elf:3    | Found Gimiudghu's Magic Scroll Emporium.
 26761 | Elf:3    | Bought a scroll of teleportation for 60 gold pieces
 26792 | Elf:3    | Noticed Boris
 27045 | Slime:1  | Entered Level 1 of the Pits of Slime
 27048 | Slime:2  | Noticed an acid blob
 27073 | Slime:5  | Entered Level 5 of the Pits of Slime
 27075 | Slime:5  | Found the +4 consecrated labrys {holy, Valiant ^Fragile Fly
                  | SInv}
 27093 | Slime:5  | Got a starry gem with 554 turns to spare
 27108 | Slime:5  | Got a slimy rune of Zot
 27138 | Slime:5  | Noticed the Royal Jelly
 27143 | Slime:5  | Found a viscous altar of Jiyva.
 27143 | Slime:5  | Noticed an acid blob
 27165 | Slime:5  | Noticed an acid blob
 27177 | Slime:5  | Noticed an acid blob
 27179 | Slime:5  | Noticed an acid blob
 27204 | Slime:5  | Noticed an acid blob
 27299 | Slime:5  | Identified the ring of Ludiragh {Fly rPois rN+ Int+2}
 27300 | Slime:5  | Identified the amulet "Kenaureg" {Acrobat rElec}
 27368 | Slime:5  | Found the +9 sword of Power {lifebolt}
 27372 | Slime:5  | Identified the ring "Karr" {*Slow rElec rN+ AC+4 SInv}
 27379 | Slime:5  | Identified the +10 chain mail "Egag" {Rampage +Inv Str-3}
 28169 | Spider:1 | Entered Level 1 of the Spider Nest
 28370 | Spider:1 | Reached skill level 18 in Fighting
 28727 | Spider:1 | Found a runed translucent door.
 28735 | Spider:1 | Noticed Bolleh's ghost (journeyman GnSk)
 29096 | Spider:2 | Noticed Roxanne
 29130 | Spider:2 | Reached skill level 15 in Shields
 29167 | Spider:2 | Found a runed translucent gate.
 29168 | Spider:2 | Found a runed translucent gate.
 29170 | Spider:2 | Found a runed translucent gate.
 29175 | Spider:2 | Noticed Ikly's ghost (journeyman GrFi)
 29198 | Spider:2 | Reached XP level 18. HP: 151/151 MP: 18/18
 29202 | Spider:2 | Lost mutation: You are very robust. (+20% HP) [Jiyva's
                  | grace]
 29202 | Spider:2 | Lost mutation: You are covered in slimy tendrils that may
                  | disarm your opponents. [Jiyva's grace]
 29202 | Spider:2 | Gained mutation: You have a pair of small horns on your
                  | head. [Jiyva's grace]
 29202 | Spider:2 | Gained mutation: You have a pair of horns on your head.
                  | [Jiyva's grace]
 29202 | Spider:2 | Gained mutation: You have a pair of large horns on your
                  | head. [Jiyva's grace]
 29202 | Spider:2 | Gained mutation: You are agile. (Dex +4, Str/Int -1)
                  | [Jiyva's grace]
 29457 | Spider:3 | Acquired the +8 whip "Snakebite" {venom, curare, rPois}
 29457 | Spider:3 | Found the +8 whip "Snakebite" {venom, curare, rPois}
 29577 | Spider:3 | Reached skill level 19 in Fighting
 29602 | Spider:3 | Noticed Azrael
 29616 | Spider:3 | Killed Azrael
 29631 | Spider:3 | Identified the +11 falchion of Armageddon {antimagic, rElec
                  | rPois rC+++ Int-2}
 29720 | Spider:4 | Entered Level 4 of the Spider Nest
 30027 | Spider:4 | Noticed Mlioglotl
 30044 | Spider:4 | Killed Mlioglotl
 30325 | Spider:4 | Identified the +4 chain mail of Enuas {Str+4 Dex+2 Stlth-}
 30637 | Spider:4 | Lost mutation: You are robust. (+10% HP) [mutagenic glow]
 30672 | Spider:4 | Got a milky-white gem with 359 turns to spare
 30690 | Spider:4 | Got a gossamer rune of Zot
 31161 | Vaults:1 | Entered Level 1 of the Vaults
 31324 | Vaults:1 | Reached XP level 19. HP: 133/133 MP: 19/19
 31674 | Vaults:1 | Lost mutation: You have a pair of large horns on your head.
                  | [Jiyva's grace]
 31674 | Vaults:1 | Lost mutation: Your body is covered in eyes which may
                  | confuse attackers. (Acc +7, SInv) [Jiyva's grace]
 31674 | Vaults:1 | Lost mutation: Your gelatinous body deflects attacks. (AC
                  | +3, EV +3) [Jiyva's grace]
 31674 | Vaults:1 | Lost mutation: Your pliable body absorbs attacks. (AC +2,
                  | EV +2) [Jiyva's grace]
 31674 | Vaults:1 | Lost mutation: You have a small jelly attached to you that
                  | senses nearby items. [Jiyva's grace]
 31674 | Vaults:1 | Lost mutation: You have a small jelly attached to you that
                  | may absorb projectiles. [Jiyva's grace]
 31674 | Vaults:1 | Gained mutation: You are covered in slimy tendrils that may
                  | disarm your opponents. [Jiyva's grace]
 31674 | Vaults:1 | Gained mutation: You have hidden genetic potential.
                  | [Jiyva's grace]
 31674 | Vaults:1 | Gained mutation: You have great hidden genetic potential.
                  | [Jiyva's grace]
 31674 | Vaults:1 | Gained mutation: You are very agile. (Dex +8, Str/Int -2)
                  | [Jiyva's grace]
 31699 | Abyss:2  | Found a corrupted altar of Lugonu.
 31699 | Abyss:2  | Cast into level 2 of the Abyss (a deep elf sorcerer)
 31904 | Abyss:3  | Found a transporter.
 31995 | Abyss:3  | Noticed an ancient lich
 31996 | Abyss:3  | Found a transporter.
 32003 | Abyss:3  | Killed an ancient lich
 32010 | Abyss:3  | Found a transporter.
 32011 | Abyss:3  | Got an abyssal rune of Zot
 32020 | Vaults:1 | Escaped the Abyss
 32164 | Vaults:1 | Identified the ring of the Princess {+Blink rN+++ Will+
                  | Dex-5}
 32401 | Vaults:2 | Reached skill level 20 in Fighting
 32590 | Vaults:2 | Reached XP level 20. HP: 140/140 MP: 20/20
 32998 | Vaults:3 | Gained mutation: You have sharp fingernails. [hidden
                  | potential]
 33014 | Vaults:3 | Lost mutation: You have a pair of horns on your head.
                  | [Jiyva's grace]
 33014 | Vaults:3 | Lost mutation: You have supernaturally acute eyesight.
                  | (SInv) [Jiyva's grace]
 33014 | Vaults:3 | Lost mutation: You are very agile. (Dex +8, Str/Int -2)
                  | [Jiyva's grace]
 33014 | Vaults:3 | Lost mutation: You are agile. (Dex +4, Str/Int -1) [Jiyva's
                  | grace]
 33014 | Vaults:3 | Lost mutation: Your muscles are very strong. (Str +8,
                  | Int/Dex -2) [Jiyva's grace]
 33014 | Vaults:3 | Lost mutation: Your translucent skin slightly reduces your
                  | foes' accuracy. (Stealth+) [Jiyva's grace]
 33014 | Vaults:3 | Lost mutation: You have great hidden genetic potential.
                  | [Jiyva's grace]
 33014 | Vaults:3 | Gained mutation: You have a small jelly attached to you
                  | that senses nearby items. [Jiyva's grace]
 33014 | Vaults:3 | Gained mutation: You are agile. (Dex +4, Str/Int -1)
                  | [Jiyva's grace]
 33014 | Vaults:3 | Gained mutation: You are very agile. (Dex +8, Str/Int -2)
                  | [Jiyva's grace]
 33014 | Vaults:3 | Gained mutation: You have an increased reservoir of magic.
                  | (+10% MP) [Jiyva's grace]
 33270 | Vaults:3 | Found a staircase to the Crypt.
 34036 | Vaults:4 | Reached skill level 21 in Fighting
 34525 | Vaults:5 | Entered Level 5 of the Vaults
 34538 | Vaults:5 | Reached XP level 21. HP: 69/149 MP: 23/23
 34568 | Vaults:5 | Noticed a golden dragon
 35154 | Vaults:5 | Noticed a golden dragon
 35228 | Vaults:5 | Noticed an ancient lich
 35296 | Vaults:5 | Gained mutation: You have a pair of horns on your head.
                  | [hidden potential]
 35296 | Vaults:5 | Lost mutation: You have hidden genetic potential. [hidden
                  | potential expressed]
 35399 | Vaults:5 | Reached skill level 22 in Fighting
 35439 | Vaults:5 | Killed an ancient lich
 35457 | Vaults:5 | Killed from afar by a lich

Illustrated notes

Levels and vault maps discovered:
D:1:      minmay_arrival_loop, layout_rooms, minmay_tromino_i4
D:2:      layout_rooms, minmay_parallelograms
D:3:      layout_loops_ring, grunt_dithmenos_smoke_and_mirrors,
          gammafunk_ghost_mausoleum
D:4:      layout_loops_ring, mainiacjoe_overflow_24_doors,
          mainiacjoe_overflow_alcove_4, kennysheep_mini
D:5:      layout_basic, serial_shops, nicolae_diamond_shop,
          nicolae_shop_waterfront, shop, nicolae_shop_just_a_little_nook,
          dk_noncrumbling_2, uniq_eustachio, uniq_ijyb
D:6:      layout_loops_ring, trog_ov_bears_minmay,
          yredelemnul_forgotten_temple_becter, nicolae_ru_path_of_blood,
          minmay_temple_entry_proselytizer, ebering_ghost_sewer_f,
          columned_hall_lemuel, patterned_corridor, uniq_duvessa, uniq_maggie,
          uniq_grinder
D:7:      layout_loops_cross, uniq_prince_ribbit1
D:8:      minmay_spotlight, layout_basic, regret_index_xom_of_box, uniq_amaemon
D:9:      minmay_the_grid_octo_tiled_octocenter [minmay_the_grid_octo_clover_2,
          minmay_the_grid_octo_toaster, minmay_the_grid_octo_fat_diamond,
          minmay_the_grid_octo_77, minmay_the_grid_octo_prize_square_snowflake,
          minmay_the_grid_square_5x5_doubleslash,
          minmay_the_grid_square_5x5_slash,
          minmay_the_grid_square_5x5_almost_minimal,
          minmay_the_grid_square_5x5_tri_point], layout_irregular_city,
          hellmonk_ghost_happy_afterlife, bh_walls_and_bars
D:10:     layout_small_grid, mainiacjoe_overflow_boulevard,
          nicolae_vehumet_altar_sigil, lair_entry_dummy
D:11:     layout_rooms, serial_shops, shop, shop_statue
D:12:     layout_loops_corners, orc_david_3
D:13:     layout_rooms, hellmonk_vaults_attempted_burglary
D:14:     layout_roguey
D:15:     gammafunk_depths_entry_grave, layout_irregular_city,
          chequers_serial_rivers_small_b
Lair:1:   layout_roguey [special_room_bee], cheibrodos_lair_reptile_den,
          serial_bayou_shore_b, uniq_sonja
Lair:2:   layout_cave_pods, mainiacjoe_swamp_entry_angry_trees,
          nicolae_spider_entry_lesser_pyramids, basic_altar, fungi_pond_lemuel,
          hangedman_lair_unloving_vines
Lair:3:   layout_loops_ring, pond, lemuel_fruit_tree, uniq_gastronok
Lair:4:   layout_cave_pods, minmay_slime_entry_pillars, dpeg_oklob_1,
          lemuel_fruit_fields, infiniplex_staircase_pool
Lair:5:   gammafunk_lair_ancient_temple, layout_long_grid, lookout_lair_type,
          chequers_serial_rivers_micro_a, lemuel_fruit_fields
Spider:1: cheibrodos_forgotten_conduit, ebering_ghost_inner_flame,
          nicolae_spider_scorpion_nest
Spider:2: layout_spider_delve, gammafunk_ghost_split, uniq_arachne, uniq_roxanne
Spider:3: layout_spider_delve, guppyfry_spider_mini_2, uniq_azrael
Spider:4: hellmonk_spider_rune_bug_friends, hive_lemuel, uniq_mlioglotl
Slime:1:  layout_caves
Slime:2:  layout_caves
Slime:3:  layout_caves
Slime:4:  layout_caves, nicolae_slime_ancient_tower_intersection
Slime:5:  slime_pit_nicolae_inversion
Orc:1:    layout_caves, serial_shops, shop, uniq_erolcha
Orc:2:    pf_orc_diabolical, layout_caves, portal_ice_cave_entry_pillars_1,
          basic_altar, uniq_rupert
Elf:1:    layout_geoelf_octagon, minmay_elf_crystal_heptagon, drop_trap,
          st_stairs_4, grunt_ministairs_9, nrook_loot_triangle,
          nicolae_elf_variegated_diamond, uniq_kirke
Elf:2:    nicolae_elf_blades_splatter_lattice [mumra_blade_entry_dagger],
          layout_geoelf_grid, nicolae_trove_entry_free_sample,
          grunt_ministairs_8, drop_trap, serial_library_hellmonk_room_c,
          uniq_zenata, uniq_nikola, uniq_donald
Elf:3:    elf_hall_gauntlet_wide, layout_loops_corners, serial_shops, shop,
          uniq_boris
Vaults:1: minmay_guarded_unrand_secular_launcher, hangedman_vaults_nails,
          hangedman_vaults_stream, vaults_room_door_ring, vaults_dpeg_doors,
          v_pattern_2, v_rooms_4, hangedman_vaults_variations, v_misc_10,
          nicolae_vaults_house_1, grunt_vaults_diagonal,
          ontoclasm_vaults_loading_screen, vaults_room_pool,
          layout_vaults_omnicross
Vaults:2: nicolae_vaults_ring_of_whatevers, vaults_standard_mumra_x,
          nicolae_vaults_puzzle_piece, gammafunk_sealed_arena, v_misc_4,
          v_misc_2, hangedman_vaults_pinch, hangedman_vaults_stagger, v_misc_25,
          nicolae_vaults_tetromino_T_1, vaults_dpeg_cross, v_misc_25,
          vaults_room_door_ring, layout_vaults_maze_bifur, serial_shops,
          nicolae_shop_gaudy_bauble
Vaults:3: nicolae_vaults_shipping_containers_7, minmay_crypt_entry_simple_round,
          nicolae_vaults_tetromino_T_1, nicolae_vaults_turnstiles, v_misc_33,
          nicolae_vaults_more_shelving_1, v_alt_pattern_1,
          layout_vaults_omnigrid
Vaults:4: nicolae_vaults_network_barrier, nicolae_vaults_trapezoid_2,
          nicolae_vaults_frosty_reception, nicolae_vaults_trapezoid_1,
          grunt_vaults_trifunnel, nicolae_vaults_arrows, v_misc_2,
          grunt_vaults_swirl, nicolae_vaults_circle_grid_a, vaults_dpeg_ring,
          v_misc_8, nicolae_vaults_offset_grid_hallway_3,
          nicolae_vaults_tangram_1, layout_vaults_omnibox
Vaults:5: uniq_margery

Skill      XL: |  1  2  3  4  5  6  7  8  9 10 11 12 13 14 15 16 17 18 19 20 21 |
---------------+----------------------------------------------------------------+-----
Maces & Flails | 3 4 5 6 7 10 11 12 13 14 | 14.3
Dodging        | 1 2 3 4 5 6 7 8 |  8.1
Armour         | 4 5 6 7 8 10 11 14 15 17 18 19 20 | 20.9
Fighting       | 4 5 6 7 8 10 11 13 15 17 18 19 20 21 22 | 22.2
Axes           | 2 5 8 9 |  9.5
Shields        | 4 5 6 8 11 12 15 16 18 19 20 | 20.1
Evocations     | 1 2 |  2.0
Stealth        | 2 |  2.2

Action                     |  1- 3 |  4- 6 |  7- 9 | 10-12 | 13-15 | 16-18 | 19-21 || total
---------------------------+-------+-------+-------+-------+-------+-------+-------++-------
  Melee: Flail             |   143 |     8 |       |       |       |       |       ||   151
         Whip              |       |   292 |   142 |       |       |   550 |   178 ||  1162
         Punch             |       |     2 |     2 |    11 |    14 |       |       ||    29
         Broad axe         |       |       |   191 |   266 |       |       |       ||   457
         Demon whip        |       |       |       |   354 |  1730 |  1241 |  1126 ||  4451
         Unarmed           |       |       |       |       |       |    14 |       ||    14
         Headbutt          |       |       |       |       |       |   239 |   487 ||   726
  Throw: Dart              |       |     1 |     7 |     8 |    11 |       |       ||    27
 Invoke: Slimify           |       |       |       |       |       |     2 |     6 ||     8
  Evoke: Wand              |       |     1 |     4 |     5 |     8 |     1 |     3 ||    22
         Phial of floods   |       |       |       |       |     1 |     1 |     1 ||     3
         Box of beasts     |       |       |       |       |     1 |     1 |       ||     2
    Use: Scroll            |       |     3 |     8 |     8 |    14 |     8 |     6 ||    47
         Potion            |       |       |     6 |     1 |     1 |     1 |     4 ||    13
   Stab: Petrified         |       |       |       |     3 |    15 |       |       ||    18
         Confused          |       |       |       |       |    20 |    69 |    43 ||   132
         Fleeing           |       |       |       |       |       |     1 |       ||     1
         Distracted        |       |       |       |       |       |       |     2 ||     2
 Armour: Scale mail        |   123 |   229 |   120 |       |       |       |       ||   472
         Acid dragon scale |       |       |   181 |   160 |       |       |       ||   341
         Skin              |       |       |     2 |       |       |     7 |       ||     9
         Plate armour      |       |       |       |   412 |   935 |   293 |       ||  1640
         Chain mail        |       |       |       |       |       |   453 |   679 ||  1132
  Dodge: Dodged            |    82 |   177 |   316 |   245 |   456 |   860 |   477 ||  2613
  Block: Buckler           |    17 |       |       |       |       |       |       ||    17
         Other             |       |       |    15 |   126 |   138 |     3 |       ||   282
         Reflection        |       |       |       |     3 |    20 |    25 |    48 ||    96
         Kite shield       |       |       |       |       |   479 |  1335 |  1062 ||  2876
